 Dungeon Crawl Stone Soup version 0.30.1-11-g7821555f0a (webtiles) character file.

Game seed: 14110503617542374748

37 comborobin the Sneak (level 3, -1/31 HPs)
             Began as a Hill Orc Delver on Dec 24, 2023.
             Slain by a jackal (3 damage)
             ... on level 3 of the Dungeon.
             The game lasted 00:02:08 (719 turns).

comborobin the Sneak (Hill Orc Delver)               Turns: 719, Time: 00:02:09

Health: -1/31      AC:  3    Str: 16    XL:     3   Next: 39%
Magic:  3/3        EV: 11    Int: 10    God:
Gold:   64         SH:  0    Dex: 12    Spells: 2/2 levels left

rFire   . . .        f - +0 flail
rCold   . . .        (no shield)
rNeg    . . .        b - +0 leather armour
rPois   .            (no helmet)
rElec   .            (no cloak)
rCorr   .            (no gloves)
SInv    .            (no boots)
Will    .....        (no amulet)
Stlth   ++           (no ring)
HPRegen 0.25/turn    (no ring)
MPRegen 0.08/turn

%: no passive effects
@: no status effects
A: no striking features
a: no special abilities


You were on level 3 of the Dungeon.
You visited 1 branch of the dungeon, and saw 3 of its levels.

You collected 64 gold pieces.

Inventory:

Hand Weapons
 a - a +0 mace
 f - a +0 flail (weapon)
Armour
 b - a +0 leather armour (worn)
Magical Staves
 d - a staff of poison
Scrolls
 c - a scroll of fog


   Skills:
 - Level 3.6 Fighting
 + Level 4.1 Maces & Flails
 - Level 1.5 Dodging
 - Level 4.1 Stealth


You had 2 spell levels left.
You didn't know any spells.
Your spell library was empty.

Dungeon Overview and Level Annotations

Branches:
Dungeon (5/15)             Temple (0/1) D:5

Altars:
Yredelemnul

Annotations:
D:5 exclusions: adder, ogre and scorpion


Message History

You hit the orc.
The orc is heavily wounded.
The orc hits you but does no damage.
You aren't carrying any potions.
As you read the scroll of fear, it crumbles to dust.
You assume a fearsome visage.
The orc looks frightened! x3
A jackal comes into view. x2
A jackal comes into view.
Found an escape hatch in the floor.
The jackal barks!
Aiming: Dig
Press: ? - help, Shift-Dir - straight line A rock wall.
The rock shatters into small pieces.
The now-empty wand crumbles to dust.
The jackal bites you.
* * * LOW HITPOINT WARNING * * *
The jackal attacks as you move away! The jackal barely misses you.
The jackal bites you.
* * * LOW HITPOINT WARNING * * *
The jackal bites you.
* * * LOW HITPOINT WARNING * * *
The jackal closely misses you.
You barely miss the jackal. The jackal bites you.
* * * LOW HITPOINT WARNING * * *
You miss the jackal. The jackal barely misses you.
The jackal bites you but does no damage.
You miss the jackal. You barely miss the jackal. The jackal bites you.
* * * LOW HITPOINT WARNING * * *
The jackal closely misses you.
You closely miss the jackal. The jackal bites you.
* * * LOW HITPOINT WARNING * * *
You barely miss the jackal.
The jackal bites you but does no damage.
The jackal barely misses you.
You closely miss the jackal. The jackal barely misses you.
The jackal bites you.
* * * LOW HITPOINT WARNING * * *
You barely miss the jackal. The jackal bites you.
You die...

### ..>. ##@# .....
##h## ...... ##h##
......#####h######
......+............
......###.######.#.
.....h...####
........###.##
........# ##)##


You could see 3 jackals.

Vanquished Creatures
  2 adders (D:4)
  2 orcs (D:3)
  2 endoplasms (D:4)
  A giant cockroach (D:3)
  3 hobgoblins
  A jackal (D:3)
  2 kobolds
  A quokka (D:4)
  A bat (D:3)
15 creatures vanquished.

Notes
Turn   | Place    | Note
-------+----------+-------------------------------------------
     0 | D:5      | comborobin the Hill Orc Delver began the quest for the Orb.
     0 | D:5      | Reached XP level 1. HP: 19/19 MP: 1/1
    14 | D:5      | Noticed a scorpion
    80 | D:5      | Noticed an ogre
   125 | D:4      | Reached XP level 2. HP: 25/26 MP: 2/2
   260 | D:4      | Reached XP level 3. HP: 15/31 MP: 3/3
   431 | D:4      | Noticed a steam dragon
   628 | D:3      | Found a basalt altar of Yredelemnul.
   719 | D:3      | Slain by a jackal

Illustrated notes

Levels and vault maps discovered:
D:3:      layout_basic, mainiacjoe_overflow_catwalk, serial_shops, shop,
          hangedman_decor_slide_cut, hangedman_abyss_or_decor_stabs, hex_tiny,
          nicolae_eternal_life, serial_park_tiny_pond
D:4:      layout_basic, grunt_temple_overflow_champion_of_chaos,
          mainiacjoe_overflow_chevrons
D:5:      layout_basic, nicolae_gozag_cash_rules_everything_around_me,
          minmay_temple_entry_overgrown, roderic_lattice_a,
          minmay_misc_feat_roman, kennysheep_doodads

Skill      XL: |  1  2  3 |
---------------+----------+-----
Maces & Flails | 3 4 |  4.1
Fighting       | |  3.6
Dodging        | |  1.5
Stealth        | |  4.1

Action                     || total
---------------------------++-------
  Melee: Mace              ||    41
         Flail             ||    40
         Punch             ||     1
  Evoke: Wand              ||     3
    Use: Scroll            ||     2
         Potion            ||     1
   Stab: Sleeping          ||     2
 Armour: Leather armour    ||    28
  Dodge: Dodged            ||    93
